 Dungeon Crawl Stone Soup version 0.19.5 (webtiles) character file.

101 tof the Twirler (level 4, -3/35 HPs)
             Began as a Demonspawn Gladiator on Mar 7, 2017.
             Killed by divine providence
             ... invoked by an orc priest
              (14 damage)
             ... on level 3 of the Dungeon.
             The game lasted 00:04:47 (1868 turns).

tof the Twirler (Demonspawn Gladiator)              Turns: 1868, Time: 00:04:47

Health: -3/35      AC:  6    Str: 14 (15) XL:     4   Next: 48%
Magic:  4/4        EV: 12    Int:  8 (9)  God:
Gold:   127        SH:  0    Dex: 15      Spells: 0 memorised, 3 levels left

rFire  + . .     SeeInvis .     a - +0 quarterstaff
rCold  . . .     Gourm    .     g - +0 ring mail
rNeg   . . .     Faith    .     (shield currently unavailable)
rPois  .         Spirit   .     c - +0 helmet
rElec  .         Reflect  .     (no cloak)
rCorr  .         Harm     .     (no gloves)
MR     .....                    (no boots)
Stlth  +.........               j - amulet of regeneration
                                (no ring)
                                (no ring)

@: no status effects
A: claws 1, hooves 1, fire resistance 1
a: no special abilities


You were on level 3 of the Dungeon.
You were not hungry.

You visited 1 branch of the dungeon, and saw 3 of its levels.

You collected 127 gold pieces.

Inventory:

Hand Weapons
 a - a +0 quarterstaff (weapon)
Missiles
 d - 3 throwing nets
 k - 56 sling bullets
 o - 36 stones (quivered)
Armour
 c - a +0 helmet (worn)
 g - a +0 ring mail (worn)
Jewellery
 j - an amulet of regeneration (around neck)
Scrolls
 e - 2 scrolls of identify
 h - 2 scrolls of recharging {unknown}
 i - 2 scrolls of remove curse
 n - a scroll of noise {unknown}
 q - 2 scrolls of amnesia {unknown}
 s - a scroll of immolation {unknown}
 t - a scroll of blinking {unknown}
Books
 p - a book of Power

   Spells                             Type                      Level
   a - Fulminant Prism                Conjuration/Hexes            4
   b - Iskenderun's Mystic Blast      Conjuration                  4
   c - Venom Bolt                     Conjuration/Poison           5
   d - Bolt of Magma                  Conjuration/Fire/Earth       5
   e - Iron Shot                      Conjuration/Earth            6
   f - Orb of Destruction             Conjuration                  7
   g - Spellforged Servitor           Conjuration/Summoning        7
Comestibles
 f - 2 bread rations
 l - a slice of pizza
 m - a meat ration
 r - 5 chunks of flesh


   Skills:
 * Level 3.1 Fighting
 * Level 3.3 Staves
 + Level 2.3 Throwing
 + Level 1.3 Armour
 + Level 2.9 Dodging


You had 3 spell levels left.
You didn't know any spells.

Dungeon Overview and Level Annotations

Branches:
Dungeon (3/15)

Altars:
Qazlal


Innate Abilities, Weirdness & Mutations

You have sharp fingernails.
You have large cloven feet.
Your flesh is heat resistant. (rF+)


Message History

You are too injured to fight recklessly!
You are too injured to fight recklessly!
The orc priest miscasts a cantrip.
The orc priest miscasts a cantrip.
The frilled lizard unfolds its giant frill.
The leopard gecko bites you but does no damage.
The frilled lizard closely misses you.
The leopard gecko bites you but does no damage.
The frilled lizard bites you but does no damage.
The leopard gecko bites you but does no damage.
The orc priest miscasts a cantrip.
The leopard gecko bites you but does no damage.
The orc priest calls down the wrath of Beogh upon you.
Beogh smites you!
* * * LOW HITPOINT WARNING * * *
The leopard gecko barely misses you.
There is an open door here.
The orc priest invokes the aid of Beogh against you.
Beogh smites you!
You die...

#####..# #...###......# #..#
#...# #.##.#.# #..#######...#
#.##.#.# #............# #.##...#
#.########...###.####.# #.#
##.....##.# #.# #### ##.##
##.......#.####.##
...#####<..####.....>..........##
..........o..l'l@...............#
##.#####..o####.........####...##
##.# ##.## ##.......## ##.## ..>#
#.# ##.....## #.# #### #.#
##...## #.# #.# ##'#########.#
#.# #.#.......#.#
#.#########.#.#####.#.#
#.##..........##......#


You could see an orc priest, an orc, a leopard gecko and a frilled lizard.

Vanquished Creatures
  Terence (D:3)
  3 adders (D:2)
  2 dart slugs (D:1)
  A leopard gecko (D:2)
  2 orcs (D:3)
  2 bats (D:2)
  A giant cockroach (D:2)
  7 goblins
  7 hobgoblins
  3 quokkas (D:2)
  A ball python (D:2)
  A frilled lizard (D:2)
  3 kobolds
  6 rats
40 creatures vanquished.

Notes
Turn   | Place    | Note
-------+----------+-------------------------------------------
     0 | D:1      | tof the Demonspawn Gladiator began the quest for the Orb.
     0 | D:1      | Reached XP level 1. HP: 16/16 MP: 1/1
   391 | D:1      | Gained mutation: You have large cloven feet. [demonic ancestry]
   391 | D:1      | Reached XP level 2. HP: 22/22 MP: 2/2
   668 | D:2      | Gained mutation: You have sharp fingernails. [demonic ancestry]
   668 | D:2      | Reached XP level 3. HP: 18/28 MP: 3/3
   717 | D:2      | Reached skill level 1 in Armour
  1184 | D:2      | Found a stormy altar of Qazlal.
  1517 | D:3      | Noticed Terence
  1525 | D:3      | Killed Terence
  1525 | D:3      | Gained mutation: Your flesh is heat resistant. (rF+) [demonic ancestry]
  1525 | D:3      | Reached XP level 4. HP: 34/35 MP: 4/4
  1868 | D:3      | Killed from afar by an orc priest

Skill      XL: |  1  2  3 |
---------------+----------+-----
Staves         | 3 |  3.3
Throwing       | 2 |  2.3
Armour         | 1 |  1.3
Fighting       | 3 |  3.1
Dodging        | |  2.9

Action                   |  1- 3 |  4- 6 || total
-------------------------+-------+-------++-------
Melee: Quarterstaff      |   113 |    24 ||   137
       Kick              |    13 |     5 ||    18
Throw: Stone             |     4 |       ||     4
  Use: Potion            |     5 |     1 ||     6
       Scroll            |     2 |       ||     2
  Eat: Chunk             |     2 |     1 ||     3
Armor: Ring mail         |    47 |    20 ||    67
Dodge: Dodged            |    79 |    19 ||    98
